Flames vs Stars

Created - 5 novembre 2020 at 21:59

Goals
1 2 3 OT1 T
Flames 0 2 0 0 2
Stars 1 0 1 1 3
Shots
1 2 3 OT1 T
Flames 9 15 10 8 42
Stars 13 5 16 1 35

1st period

1. Stars , Nazem Kadri 3 (John Klingberg 4, Tyler Toffoli 1) at 19:53

Penalties :
Brayden McNabb (CGY) for Hooking (Minor) at 1:23, Jared Spurgeon (CGY) for Hooking (Minor) at 5:23, Sidney Crosby (DAL) for Fighting (Major) at 19:41, Blake Wheeler (CGY) for Fighting (Major) at 19:41

2nd period

2. Flames , Evgeni Malkin 2 (Joey Anderson 1, Esa Lindell 4) at 11:58
3. Flames , Zach Parise 2 (Evgeni Malkin 1, Blake Wheeler 3) at 19:40 (PP)

Penalties :
Scott Mayfield (DAL) for Hooking (Minor) at 19:11

3rd period

4. Stars , James Neal 1 (Derick Brassard 1, Josh Leivo 1) at 1:44

Penalties :
Matt Roy (DAL) for Interference (Minor) at 3:34, John Tavares (CGY) for Holding (Minor) at 7:17

Overtime #1

5. Stars , Sidney Crosby 2 (Duncan Keith 3, Nazem Kadri 1) at 4:08

Penalties :
No Penalty

Goalie Stats

Devan Dubnyk (CGY), 32 saves from 35 shots - (0,914), OTL, 1-1-1, 64:09 minutes
Linus Ullmark (DAL), 40 saves from 42 shots - (0,952), W, 1-2-0, 64:09 minutes

Players Stats for Flames

Player Name              G  A  P  +/- PIM S  H  SB GA TA FO     MP     PP MP  PK MP  
------------------------------------------------------------------------------------
Blake Wheeler            0  1  1  -1  5   7  5  2  0  0  1/1    20:04   1:37   0:00 
Brady Tkachuk            0  0  0  -1  0   3  5  0  0  0  0/0    16:26   0:51   0:32 
Brandon Tanev            0  0  0   0  0   2  0  0  0  0  2/2    15:29   0:00   3:49 
Brayden McNabb           0  0  0  -1  2   0  3  0  0  0  0/0    19:38   0:00   0:12 
Brendan Smith            0  0  0  -1  0   1  0  0  0  0  1/2     3:39   0:00   2:58 
Brenden Dillon           0  0  0   0  0   1  4  4  0  0  0/0    18:52   0:00   0:00 
Charlie Coyle            0  0  0  -1  0   4  0  0  0  0  1/3    20:17   0:51   2:34 
Dmitry Orlov             0  0  0   0  0   2  3  1  0  0  0/0    18:04   0:00   2:59 
Esa Lindell              0  1  1  -1  0   0  1  2  0  0  0/0    23:16   0:51   2:58 
Ethan Bear               0  0  0   0  0   2  0  0  0  0  0/0    14:55   0:51   0:48 
Evgeni Malkin            1  1  2   0  0   6  1  0  0  0  15/26  22:51   1:37   0:51 
Jared Spurgeon           0  0  0  -1  2   5  1  2  0  0  0/0    24:47   1:37   1:59 
Joey Anderson            0  1  1   1  0   1  1  0  0  0  0/0     6:52   0:00   0:00 
John Tavares             0  0  0  -1  2   2  0  0  0  0  17/30  22:42   1:37   1:17 
Matthew Peca             0  0  0   1  0   0  1  0  0  0  0/0     6:52   0:00   0:00 
Sean Kuraly              0  0  0  -1  0   2  1  1  0  0  8/24   17:54   0:00   2:51 
Taylor Hall              0  0  0   0  0   1  0  0  0  0  0/1    14:11   0:51   0:00 
Zach Parise              1  0  1  -1  0   3  1  1  0  0  1/1    19:37   1:37   0:00 

Players Stats for Stars

Player Name              G  A  P  +/- PIM S  H  SB GA TA FO     MP     PP MP  PK MP  
------------------------------------------------------------------------------------
Derick Brassard          0  1  1   1  0   0  1  1  0  0  6/12   14:00   0:00   0:00 
Duncan Keith             0  1  1   2  0   3  1  3  0  0  0/0    26:53   2:55   1:33 
Evgenii Dadonov          0  0  0   1  0   2  0  0  0  0  0/1    18:08   3:38   0:00 
James Neal               1  0  1   1  0   3  2  0  0  0  0/1    12:21   0:00   0:00 
James van Riemsdyk       0  0  0   0  0   3  0  0  0  0  2/3    20:02   2:19   0:00 
John Klingberg           0  1  1   1  0   2  1  2  0  0  0/0    24:44   3:05   0:55 
Jon Marchessault         0  0  0   0  0   3  2  0  0  0  3/4    21:41   2:19   0:00 
Josh Leivo               0  1  1   1  0   2  0  1  0  0  0/0    12:21   0:00   0:00 
Matt Roy                 0  0  0   1  2   0  2  1  0  0  0/0    15:38   0:00   0:00 
Matthew Nieto            0  0  0  -1  0   1  0  0  0  0  0/3    10:02   0:00   1:51 
Mattias Ekholm           0  0  0  -1  0   1  4  3  0  0  0/0    14:40   1:41   0:26 
Nazem Kadri              1  1  2   2  0   4  2  2  0  0  10/24  19:03   2:19   0:00 
Pat Maroon               0  0  0  -1  0   1  0  0  0  0  0/1     7:01   0:00   0:00 
Sami Vatanen             0  0  0  -1  0   3  3  1  0  0  0/0    23:59   3:56   0:55 
Scott Mayfield           0  0  0   1  2   1  1  1  0  0  0/0    18:13   0:17   1:07 
Sidney Crosby            1  0  1   1  5   5  1  0  0  0  13/22  22:57   3:20   0:37 
Teddy Blueger            0  0  0  -1  0   1  0  1  0  0  9/18    9:10   0:18   1:51 
Tyler Toffoli            0  1  1   1  0   0  1  0  0  0  1/1    19:03   3:38   0:37 

3 Stars

1 - Nazem Kadri (DAL)
2 - Linus Ullmark (DAL)
3 - James Neal (DAL)

Power Play

Flames - 1 on 2 Attempt(s) - 50,00%
Stars - 0 on 3 Attempt(s) - 0,00%

Penalty Kill

Flames - 3 on 3 Attempt(s) - 100,00% - Score 0 goal in Penalty Kill
Stars - 1 on 2 Attempt(s) - 50,00% - Score 0 goal in Penalty Kill

Team Stat

Flames - Hits : 27 - Faceoff Wins : 46 - Blocked Shots : 13 - Penalty Minutes : 11
Stars - Hits : 21 - Faceoff Wins : 44 - Blocked Shots : 16 - Penalty Minutes : 9

Official

Referees : Mike Duco and Conor O'Donnell
Linesman : Steve Miller and Glen Cooke

Game Notes

Sidney Crosby beats up Blake Wheeler at 19:41 of 1st period
Mattias Ekholm is injured at 3:30 of 3rd period (Sprained Left Ankle)

Finance

Level 1 -- Attendance: 5139 (85,65%) -- Ticket Income 719 460 $
Level 2 -- Attendance: 3801 (76,02%) -- Ticket Income 425 712 $
Level 3 -- Attendance: 1953 (97,65%) -- Ticket Income 203 112 $
Level 4 -- Attendance: 2783 (61,41%) -- Ticket Income 97 405 $
Luxury Box -- Attendance: 761 (76,10%) -- Ticket Income 196 338 $
Game was played at the American Airlines Center.
Total Attendance: 14437 (77,90%)
Total Ticket Income: 1 642 027 $
Other Income: 804 593 $
Total Income: 2 446 620 $

% Time on Ice - Flames

Lines # - Real PCT - Wanted PCT - Time Play
Normal Forward
1 - 35% - 35% - 18:00
2 - 29% - 30% - 15:03
3 - 23% - 20% - 11:40
4 - 13% - 15% - 6:52
Normal Defense
1 - 37% - 40% - 18:52
2 - 38% - 35% - 19:27
3 - 26% - 25% - 13:16
4 - 0% - 0% - 0:00
PP Forward
1 - 66% - 60% - 1:37
2 - 34% - 40% - 0:51
PP Defense
1 - 66% - 60% - 1:37
2 - 34% - 40% - 0:51
PK Forward
1 - 68% - 60% - 4:01
2 - 32% - 40% - 1:56
PK Defense
1 - 50% - 50% - 2:59
2 - 50% - 50% - 2:58
PK3 Forward
1 - 0% - 50%
2 - 0% - 50%
PK3 Defense
1 - 0% - 50%
2 - 0% - 50%
44 Forward
1 - 0% - 50%
2 - 0% - 50%
44 Defense
1 - 0% - 50%
2 - 0% - 50%
Last Minute Offensive  - 0:00
Last Minute Defensive  - 0:00
Total
Forward - 60:00
Defense - 60:00

% Time on Ice - Stars

Lines # - Real PCT - Wanted PCT - Time Play
Normal Forward
1 - 34% - 37% - 17:43
2 - 28% - 31% - 14:30
3 - 24% - 21% - 12:21
4 - 14% - 11% - 7:01
Normal Defense
1 - 35% - 40% - 18:02
2 - 36% - 30% - 18:43
3 - 27% - 20% - 13:56
4 - 2% - 10% - 0:54
PP Forward
1 - 61% - 60% - 3:38
2 - 39% - 40% - 2:19
PP Defense
1 - 51% - 60% - 3:02
2 - 49% - 40% - 2:55
PK Forward
1 - 75% - 60% - 1:51
2 - 25% - 40% - 0:37
PK Defense
1 - 63% - 60% - 1:33
2 - 37% - 40% - 0:55
PK3 Forward
1 - 0% - 60%
2 - 0% - 40%
PK3 Defense
1 - 0% - 60%
2 - 0% - 40%
44 Forward
1 - 0% - 60%
2 - 0% - 40%
44 Defense
1 - 0% - 60%
2 - 0% - 40%
Last Minute Offensive  - 0:00
Last Minute Defensive  - 0:00
Total
Forward - 60:00
Defense - 60:00

Play-by-Play

1st period


0:01 of 1st period - John Tavares wins face-off versus Sidney Crosby in neutral zone.
0:04 of 1st period - John Klingberg is hit by Blake Wheeler and loses puck.
0:26 of 1st period - Icing by Jared Spurgeon.
0:27 of 1st period - Nazem Kadri wins face-off versus John Tavares in Flames zone.
0:49 of 1st period - Shot by Jared Spurgeon.
0:49 of 1st period - Stopped by Linus Ullmark without a rebound.
0:50 of 1st period - Derick Brassard wins face-off versus Sean Kuraly in Stars zone.
0:50 of 1st period - Derick Brassard is hit by Brady Tkachuk.
1:16 of 1st period - Shot by Josh Leivo.
1:16 of 1st period - Shot Blocked by Esa Lindell.
1:19 of 1st period - Josh Leivo is hit by Brayden McNabb and loses puck.
1:23 of 1st period - Minor Penalty to Brayden McNabb for Hooking.
1:24 of 1st period - Sidney Crosby wins face-off versus Sean Kuraly in Flames zone.
2:11 of 1st period - Brendan Smith is hit by Tyler Toffoli and loses puck.
3:02 of 1st period - Shot by James van Riemsdyk.
3:02 of 1st period - Stopped by Devan Dubnyk without a rebound.
3:03 of 1st period - Sidney Crosby wins face-off versus John Tavares in Flames zone.
3:20 of 1st period - Shot by Sidney Crosby.
3:20 of 1st period - Stopped by Devan Dubnyk with a rebound.
3:33 of 1st period - Icing by Matthew Peca.
3:34 of 1st period - Derick Brassard wins face-off versus Evgeni Malkin in Flames zone.
3:34 of 1st period - James Neal is hit by Dmitry Orlov and loses puck.
3:41 of 1st period - Shot by Evgeni Malkin.
3:41 of 1st period - Shot Blocked by Matt Roy.
3:43 of 1st period - Shot by Dmitry Orlov.
3:43 of 1st period - Shot Misses the Net.
3:45 of 1st period - Shot by Dmitry Orlov.
3:45 of 1st period - Shot Misses the Net.
4:01 of 1st period - Shot by Evgeni Malkin.
4:01 of 1st period - Stopped by Linus Ullmark without a rebound.
4:02 of 1st period - Blake Wheeler wins face-off versus Teddy Blueger in Stars zone.
4:14 of 1st period - Duncan Keith is hit by Brenden Dillon and loses puck.
4:23 of 1st period - Shot by Pat Maroon.
4:23 of 1st period - Stopped by Devan Dubnyk with a rebound.
4:48 of 1st period - Icing by Blake Wheeler.
4:49 of 1st period - John Tavares wins face-off versus Sidney Crosby in Flames zone.
4:49 of 1st period - John Tavares is hit by Sidney Crosby.
5:23 of 1st period - Minor Penalty to Jared Spurgeon for Hooking.
5:24 of 1st period - Sidney Crosby wins face-off versus Sean Kuraly in Flames zone.
5:25 of 1st period - Shot by Mattias Ekholm.
5:25 of 1st period - Stopped by Devan Dubnyk with a rebound.
5:27 of 1st period - Shot by Duncan Keith.
5:27 of 1st period - Shot Blocked by Sean Kuraly.
6:58 of 1st period - Shot by Teddy Blueger.
6:58 of 1st period - Stopped by Devan Dubnyk without a rebound.
6:59 of 1st period - Sidney Crosby wins face-off versus Charlie Coyle in Flames zone.
7:10 of 1st period - Shot by John Klingberg.
7:10 of 1st period - Shot Misses the Net.
7:16 of 1st period - Shot by Evgenii Dadonov.
7:16 of 1st period - Shot Misses the Net.
7:18 of 1st period - Shot by Sami Vatanen.
7:18 of 1st period - Stopped by Devan Dubnyk without a rebound.
7:19 of 1st period - John Tavares wins face-off versus Jon Marchessault in Flames zone.
7:40 of 1st period - Derick Brassard is hit by Evgeni Malkin and loses puck.
7:52 of 1st period - Derick Brassard is hit by Brenden Dillon and loses puck.
7:58 of 1st period - Evgeni Malkin is hit by Matt Roy and loses puck.
8:31 of 1st period - Shot by Blake Wheeler.
8:31 of 1st period - Shot Hit the Post.
8:33 of 1st period - Shot by Zach Parise.
8:33 of 1st period - Shot Misses the Net.
8:53 of 1st period - John Klingberg is hit by Blake Wheeler and loses puck.
9:07 of 1st period - Icing by Duncan Keith.
9:08 of 1st period - Sean Kuraly wins face-off versus Teddy Blueger in Stars zone.
9:18 of 1st period - Shot by Dmitry Orlov.
9:18 of 1st period - Stopped by Linus Ullmark without a rebound.
9:19 of 1st period - Brandon Tanev wins face-off versus Nazem Kadri in Stars zone.
9:20 of 1st period - Shot by Taylor Hall.
9:20 of 1st period - Stopped by Linus Ullmark without a rebound.
9:21 of 1st period - Nazem Kadri wins face-off versus Sean Kuraly in Stars zone.
9:42 of 1st period - Shot by Evgenii Dadonov.
9:42 of 1st period - Stopped by Devan Dubnyk without a rebound.
9:43 of 1st period - Sidney Crosby wins face-off versus Taylor Hall in Flames zone.
10:01 of 1st period - Shot by James van Riemsdyk.
10:01 of 1st period - Stopped by Devan Dubnyk with a rebound.
10:03 of 1st period - Shot by Sidney Crosby.
10:03 of 1st period - Deflect By James van Riemsdyk.
10:03 of 1st period - Stopped by Devan Dubnyk without a rebound.
10:04 of 1st period - Sean Kuraly wins face-off versus Nazem Kadri in Flames zone.
10:11 of 1st period - Shot by Nazem Kadri.
10:11 of 1st period - Shot Misses the Net.
10:13 of 1st period - Shot by Nazem Kadri.
10:13 of 1st period - Stopped by Devan Dubnyk without a rebound.
10:14 of 1st period - Evgeni Malkin wins face-off versus Sidney Crosby in Flames zone.
10:14 of 1st period - Evgeni Malkin is hit by Jon Marchessault.
10:24 of 1st period - Shot by Evgeni Malkin.
10:24 of 1st period - Stopped by Linus Ullmark with a rebound.
10:34 of 1st period - Icing by Brayden McNabb.
10:35 of 1st period - Evgeni Malkin wins face-off versus Nazem Kadri in Flames zone.
12:49 of 1st period - Jared Spurgeon is hit by James Neal and loses puck.
12:58 of 1st period - Scott Mayfield is hit by Brady Tkachuk and loses puck.
13:21 of 1st period - Derick Brassard is hit by Blake Wheeler and loses puck.
13:44 of 1st period - Shot by John Tavares.
13:44 of 1st period - Shot Blocked by Josh Leivo.
13:46 of 1st period - Shot by Blake Wheeler.
13:46 of 1st period - Deflect By Zach Parise.
13:46 of 1st period - Shot Misses the Net.
13:48 of 1st period - Shot by Ethan Bear.
13:48 of 1st period - Stopped by Linus Ullmark with a rebound.
14:40 of 1st period - Shot by Nazem Kadri.
14:40 of 1st period - Shot Misses the Net.
15:16 of 1st period - Sami Vatanen is hit by Brady Tkachuk and loses puck.
15:24 of 1st period - Icing by Matthew Nieto.
15:25 of 1st period - Brendan Smith wins face-off versus Teddy Blueger in Stars zone.
15:25 of 1st period - Brendan Smith is hit by Mattias Ekholm.
15:32 of 1st period - Brandon Tanev is hit by Sami Vatanen and loses puck.
15:38 of 1st period - Taylor Hall is hit by Mattias Ekholm and loses puck.
15:51 of 1st period - Shot by Taylor Hall.
15:51 of 1st period - Shot Blocked by Teddy Blueger.
15:53 of 1st period - Shot by Brendan Smith.
15:53 of 1st period - Stopped by Linus Ullmark without a rebound.
15:54 of 1st period - John Tavares wins face-off versus Sidney Crosby in Stars zone.
15:54 of 1st period - Blake Wheeler is hit by John Klingberg and loses puck.
16:35 of 1st period - Icing by John Klingberg.
16:36 of 1st period - Sean Kuraly wins face-off versus Sidney Crosby in Stars zone.
16:45 of 1st period - Duncan Keith is hit by Sean Kuraly.
17:07 of 1st period - Shot by Brady Tkachuk.
17:07 of 1st period - Stopped by Linus Ullmark without a rebound.
17:08 of 1st period - Teddy Blueger wins face-off versus Evgeni Malkin in Stars zone.
17:17 of 1st period - Shot by Pat Maroon.
17:17 of 1st period - Shot Misses the Net.
17:26 of 1st period - Icing by Scott Mayfield.
17:27 of 1st period - Teddy Blueger wins face-off versus John Tavares in Stars zone.
17:27 of 1st period - Teddy Blueger is hit by Brenden Dillon.
17:39 of 1st period - Shot by John Tavares.
17:39 of 1st period - Stopped by Linus Ullmark without a rebound.
17:40 of 1st period - Evgeni Malkin wins face-off versus Nazem Kadri in Stars zone.
18:07 of 1st period - Evgeni Malkin is hit by Nazem Kadri and loses puck.
18:18 of 1st period - Shot by Taylor Hall.
18:18 of 1st period - Shot Blocked by Mattias Ekholm.
18:37 of 1st period - James van Riemsdyk is hit by Dmitry Orlov and loses puck.
18:44 of 1st period - Shot by James van Riemsdyk.
18:44 of 1st period - Shot Hit the Post.
18:54 of 1st period - Shot by Jon Marchessault.
18:54 of 1st period - Stopped by Devan Dubnyk without a rebound.
18:55 of 1st period - Sean Kuraly wins face-off versus Derick Brassard in Flames zone.
19:01 of 1st period - Brady Tkachuk is hit by Scott Mayfield and loses puck.
19:14 of 1st period - Sean Kuraly is hit by James Neal and loses puck.
19:32 of 1st period - Shot by Josh Leivo.
19:32 of 1st period - Stopped by Devan Dubnyk without a rebound.
19:33 of 1st period - Jon Marchessault wins face-off versus John Tavares in Flames zone.
19:36 of 1st period - Shot by Sidney Crosby.
19:36 of 1st period - Shot Misses the Net.
19:41 of 1st period - Sidney Crosby beats up Blake Wheeler.
19:41 of 1st period - Penalty to Sidney Crosby for Fighting.
19:41 of 1st period - Penalty to Blake Wheeler for Fighting.
19:42 of 1st period - Tyler Toffoli wins face-off versus Brendan Smith in Flames zone.
19:53 of 1st period - Shot by Nazem Kadri.
19:53 of 1st period - Goal by Nazem Kadri - Flames : 0 - Stars : 1.
19:54 of 1st period - John Tavares wins face-off versus Matthew Nieto in neutral zone.
Goals for this period are 0 for Flames vs 1 for Stars.
Shots for this period are 9 for Flames vs 13 for Stars.

2nd period


0:01 of 2nd period - Nazem Kadri wins face-off versus Sean Kuraly in neutral zone.
0:58 of 2nd period - Shot by Zach Parise.
0:58 of 2nd period - Deflect By John Tavares.
0:58 of 2nd period - Stopped by Linus Ullmark without a rebound.
0:59 of 2nd period - Evgeni Malkin wins face-off versus Matthew Nieto in Stars zone.
1:03 of 2nd period - Icing by Mattias Ekholm.
1:04 of 2nd period - John Tavares wins face-off versus Matthew Nieto in Stars zone.
1:33 of 2nd period - Zach Parise is hit by Mattias Ekholm and loses puck.
1:40 of 2nd period - Shot by Taylor Hall.
1:40 of 2nd period - Shot Misses the Net.
1:42 of 2nd period - Shot by John Tavares.
1:42 of 2nd period - Shot Blocked by Sami Vatanen.
1:44 of 2nd period - Shot by Jared Spurgeon.
1:44 of 2nd period - Stopped by Linus Ullmark without a rebound.
1:45 of 2nd period - Derick Brassard wins face-off versus Sean Kuraly in Stars zone.
2:59 of 2nd period - Shot by Evgeni Malkin.
2:59 of 2nd period - Shot Blocked by Nazem Kadri.
3:01 of 2nd period - Shot by Ethan Bear.
3:01 of 2nd period - Stopped by Linus Ullmark without a rebound.
3:02 of 2nd period - James van Riemsdyk wins face-off versus John Tavares in Stars zone.
3:19 of 2nd period - Shot by Zach Parise.
3:19 of 2nd period - Stopped by Linus Ullmark without a rebound.
3:20 of 2nd period - Nazem Kadri wins face-off versus Evgeni Malkin in Stars zone.
3:20 of 2nd period - John Klingberg is hit by Joey Anderson and loses puck.
4:20 of 2nd period - Shot by Taylor Hall.
4:20 of 2nd period - Shot Blocked by John Klingberg.
4:31 of 2nd period - Icing by John Klingberg.
4:32 of 2nd period - Sean Kuraly wins face-off versus Nazem Kadri in Stars zone.
4:56 of 2nd period - Shot by Charlie Coyle.
4:56 of 2nd period - Stopped by Linus Ullmark without a rebound.
4:57 of 2nd period - John Tavares wins face-off versus Sidney Crosby in Stars zone.
5:00 of 2nd period - Shot by Blake Wheeler.
5:00 of 2nd period - Shot Misses the Net.
5:02 of 2nd period - Shot by Zach Parise.
5:02 of 2nd period - Shot Misses the Net.
5:04 of 2nd period - Shot by Jared Spurgeon.
5:04 of 2nd period - Stopped by Linus Ullmark without a rebound.
5:05 of 2nd period - Jon Marchessault wins face-off versus John Tavares in Stars zone.
5:26 of 2nd period - Shot by Blake Wheeler.
5:26 of 2nd period - Shot Misses the Net.
5:38 of 2nd period - Mattias Ekholm is hit by Zach Parise and loses puck.
5:53 of 2nd period - Jared Spurgeon is hit by Jon Marchessault.
6:41 of 2nd period - Shot by Sean Kuraly.
6:41 of 2nd period - Stopped by Linus Ullmark without a rebound.
6:42 of 2nd period - Teddy Blueger wins face-off versus Evgeni Malkin in Stars zone.
6:54 of 2nd period - Shot by Brandon Tanev.
6:54 of 2nd period - Stopped by Linus Ullmark with a rebound.
7:09 of 2nd period - Taylor Hall is hit by Duncan Keith.
8:13 of 2nd period - Shot by Tyler Toffoli.
8:13 of 2nd period - Shot Misses the Net.
8:15 of 2nd period - Shot by Sami Vatanen.
8:15 of 2nd period - Stopped by Devan Dubnyk without a rebound.
8:16 of 2nd period - Zach Parise wins face-off versus Sidney Crosby in Flames zone.
9:12 of 2nd period - Icing by Sidney Crosby.
9:13 of 2nd period - Sidney Crosby wins face-off versus Evgeni Malkin in Stars zone.
10:11 of 2nd period - Shot by Nazem Kadri.
10:11 of 2nd period - Stopped by Devan Dubnyk without a rebound.
10:12 of 2nd period - Nazem Kadri wins face-off versus John Tavares in Flames zone.
10:20 of 2nd period - Nazem Kadri is hit by Jared Spurgeon and loses puck.
10:34 of 2nd period - Nazem Kadri is hit by Brenden Dillon and loses puck.
10:39 of 2nd period - Shot by Tyler Toffoli.
10:39 of 2nd period - Shot Misses the Net.
10:41 of 2nd period - Shot by Evgenii Dadonov.
10:41 of 2nd period - Shot Blocked by Brenden Dillon.
10:43 of 2nd period - Shot by Tyler Toffoli.
10:43 of 2nd period - Shot Blocked by Brenden Dillon.
10:45 of 2nd period - Shot by John Klingberg.
10:45 of 2nd period - Stopped by Devan Dubnyk without a rebound.
10:46 of 2nd period - Derick Brassard wins face-off versus Sean Kuraly in Flames zone.
11:19 of 2nd period - Shot by Josh Leivo.
11:19 of 2nd period - Shot Blocked by Dmitry Orlov.
11:21 of 2nd period - Shot by Sami Vatanen.
11:21 of 2nd period - Stopped by Devan Dubnyk without a rebound.
11:22 of 2nd period - Teddy Blueger wins face-off versus Evgeni Malkin in Flames zone.
11:31 of 2nd period - Shot by Evgeni Malkin.
11:31 of 2nd period - Stopped by Linus Ullmark without a rebound.
11:32 of 2nd period - Nazem Kadri wins face-off versus John Tavares in Stars zone.
11:48 of 2nd period - Shot by Blake Wheeler.
11:48 of 2nd period - Deflect By John Tavares.
11:48 of 2nd period - Shot Blocked by Duncan Keith.
11:50 of 2nd period - Shot by Brenden Dillon.
11:50 of 2nd period - Stopped by Linus Ullmark without a rebound.
11:51 of 2nd period - Evgeni Malkin wins face-off versus Teddy Blueger in Stars zone.
11:54 of 2nd period - Shot by Joey Anderson.
11:54 of 2nd period - Shot Blocked by Mattias Ekholm.
11:58 of 2nd period - Shot by Evgeni Malkin.
11:58 of 2nd period - Goal by Evgeni Malkin - Flames : 1 - Stars : 1.
11:59 of 2nd period - John Tavares wins face-off versus Nazem Kadri in neutral zone.
12:01 of 2nd period - Off-side.
12:02 of 2nd period - James van Riemsdyk wins face-off versus Sean Kuraly in neutral zone.
12:35 of 2nd period - Shot by Charlie Coyle.
12:35 of 2nd period - Shot Misses the Net.
13:19 of 2nd period - Shot by Blake Wheeler.
13:19 of 2nd period - Shot Misses the Net.
13:29 of 2nd period - Shot by Zach Parise.
13:29 of 2nd period - Stopped by Linus Ullmark without a rebound.
13:30 of 2nd period - Derick Brassard wins face-off versus Evgeni Malkin in Stars zone.
13:30 of 2nd period - Derick Brassard is hit by Matthew Peca.
13:40 of 2nd period - Shot by James Neal.
13:40 of 2nd period - Shot Misses the Net.
13:42 of 2nd period - Shot by James Neal.
13:42 of 2nd period - Stopped by Devan Dubnyk without a rebound.
13:43 of 2nd period - Teddy Blueger wins face-off versus Evgeni Malkin in Flames zone.
14:42 of 2nd period - Icing by Nazem Kadri.
14:43 of 2nd period - Nazem Kadri wins face-off versus John Tavares in Stars zone.
14:43 of 2nd period - Nazem Kadri is hit by Blake Wheeler.
15:08 of 2nd period - Nazem Kadri is hit by Brayden McNabb and loses puck.
16:08 of 2nd period - Shot by Brady Tkachuk.
16:08 of 2nd period - Deflect By Charlie Coyle.
16:08 of 2nd period - Shot Misses the Net.
16:10 of 2nd period - Shot by Ethan Bear.
16:10 of 2nd period - Shot Misses the Net.
16:12 of 2nd period - Shot by Brady Tkachuk.
16:12 of 2nd period - Shot Blocked by Duncan Keith.
17:20 of 2nd period - Esa Lindell is hit by Derick Brassard and loses puck.
18:16 of 2nd period - Icing by Sami Vatanen.
18:17 of 2nd period - Brandon Tanev wins face-off versus Derick Brassard in Stars zone.
18:17 of 2nd period - Brandon Tanev is hit by Mattias Ekholm.
18:39 of 2nd period - Shot by Taylor Hall.
18:39 of 2nd period - Shot Misses the Net.
18:41 of 2nd period - Shot by Jared Spurgeon.
18:41 of 2nd period - Shot Blocked by Scott Mayfield.
18:43 of 2nd period - Shot by Brandon Tanev.
18:43 of 2nd period - Stopped by Linus Ullmark without a rebound.
18:44 of 2nd period - Sean Kuraly wins face-off versus Teddy Blueger in Stars zone.
19:00 of 2nd period - Scott Mayfield is hit by Brady Tkachuk and loses puck.
19:11 of 2nd period - Minor Penalty to Scott Mayfield for Hooking.
19:12 of 2nd period - Teddy Blueger wins face-off versus John Tavares in Stars zone.
19:24 of 2nd period - Icing by Evgeni Malkin.
19:25 of 2nd period - John Tavares wins face-off versus Teddy Blueger in Flames zone.
19:38 of 2nd period - Shot by Blake Wheeler.
19:38 of 2nd period - Stopped by Linus Ullmark with a rebound.
19:40 of 2nd period - Shot by Evgeni Malkin.
19:40 of 2nd period - Deflect By Zach Parise.
19:40 of 2nd period - Goal by Zach Parise - Flames : 2 - Stars : 1.
19:41 of 2nd period - Sidney Crosby wins face-off versus Sean Kuraly in neutral zone.
Goals for this period are 2 for Flames vs 0 for Stars.
Shots for this period are 15 for Flames vs 5 for Stars.

3rd period


0:01 of 3rd period - John Tavares wins face-off versus James van Riemsdyk in neutral zone.
0:22 of 3rd period - Shot by Sidney Crosby.
0:22 of 3rd period - Shot Misses the Net.
0:55 of 3rd period - Jared Spurgeon is hit by Sami Vatanen and loses puck.
1:44 of 3rd period - Shot by James Neal.
1:44 of 3rd period - Goal by James Neal - Flames : 2 - Stars : 2.
1:45 of 3rd period - Evgeni Malkin wins face-off versus Teddy Blueger in neutral zone.
2:02 of 3rd period - Shot by Matthew Nieto.
2:02 of 3rd period - Stopped by Devan Dubnyk without a rebound.
2:03 of 3rd period - Evgeni Malkin wins face-off versus Sidney Crosby in Flames zone.
3:06 of 3rd period - Shot by Evgenii Dadonov.
3:06 of 3rd period - Shot Misses the Net.
3:08 of 3rd period - Shot by Sami Vatanen.
3:08 of 3rd period - Shot Hit the Post.
3:16 of 3rd period - Shot by Nazem Kadri.
3:16 of 3rd period - Shot Misses the Net.
3:30 of 3rd period - Shot by Brady Tkachuk.
3:30 of 3rd period - Shot Blocked by Mattias Ekholm.
3:30 of 3rd period - Mattias Ekholm from Stars is injured at 3:30 of 3rd period (Sprained Left Ankle).
3:31 of 3rd period - John Tavares wins face-off versus James Neal in Stars zone.
3:31 of 3rd period - John Tavares is hit by Matt Roy.
3:34 of 3rd period - Minor Penalty to Matt Roy for Interference.
3:35 of 3rd period - Teddy Blueger wins face-off versus John Tavares in Stars zone.
4:00 of 3rd period - Shot by Evgeni Malkin.
4:00 of 3rd period - Stopped by Linus Ullmark without a rebound.
4:01 of 3rd period - Charlie Coyle wins face-off versus Teddy Blueger in Stars zone.
4:08 of 3rd period - Shot by Taylor Hall.
4:08 of 3rd period - Deflect By Brady Tkachuk.
4:08 of 3rd period - Shot Misses the Net.
4:12 of 3rd period - Shot by Ethan Bear.
4:12 of 3rd period - Shot Blocked by John Klingberg.
4:22 of 3rd period - Shot by Charlie Coyle.
4:22 of 3rd period - Stopped by Linus Ullmark without a rebound.
4:23 of 3rd period - John Tavares wins face-off versus Teddy Blueger in Stars zone.
5:22 of 3rd period - Shot by Brady Tkachuk.
5:22 of 3rd period - Stopped by Linus Ullmark without a rebound.
5:23 of 3rd period - Sidney Crosby wins face-off versus Charlie Coyle in Stars zone.
5:23 of 3rd period - Sidney Crosby is hit by Brady Tkachuk.
5:57 of 3rd period - Shot by James Neal.
5:57 of 3rd period - Shot Misses the Net.
5:59 of 3rd period - Shot by Sami Vatanen.
5:59 of 3rd period - Shot Blocked by Jared Spurgeon.
6:29 of 3rd period - Shot by James van Riemsdyk.
6:29 of 3rd period - Shot Misses the Net.
6:43 of 3rd period - Shot by Sidney Crosby.
6:43 of 3rd period - Stopped by Devan Dubnyk without a rebound.
6:44 of 3rd period - John Tavares wins face-off versus Nazem Kadri in Flames zone.
6:44 of 3rd period - John Tavares is hit by Nazem Kadri.
6:53 of 3rd period - Off-side.
6:54 of 3rd period - John Tavares wins face-off versus Pat Maroon in neutral zone.
6:57 of 3rd period - Matthew Nieto is hit by Blake Wheeler and loses puck.
7:07 of 3rd period - Pat Maroon is hit by Brayden McNabb and loses puck.
7:17 of 3rd period - Minor Penalty to John Tavares for Holding.
7:18 of 3rd period - Sidney Crosby wins face-off versus Sean Kuraly in Flames zone.
7:27 of 3rd period - Shot by Duncan Keith.
7:27 of 3rd period - Stopped by Devan Dubnyk without a rebound.
7:28 of 3rd period - Sidney Crosby wins face-off versus Sean Kuraly in Flames zone.
7:35 of 3rd period - Shot by Evgenii Dadonov.
7:35 of 3rd period - Deflect By Sidney Crosby.
7:35 of 3rd period - Stopped by Devan Dubnyk without a rebound.
7:36 of 3rd period - Sidney Crosby wins face-off versus Sean Kuraly in Flames zone.
8:37 of 3rd period - Shot by Duncan Keith.
8:37 of 3rd period - Stopped by Devan Dubnyk without a rebound.
8:38 of 3rd period - Jon Marchessault wins face-off versus Evgeni Malkin in Flames zone.
8:56 of 3rd period - Jon Marchessault is hit by Dmitry Orlov.
9:34 of 3rd period - Shot by Blake Wheeler.
9:34 of 3rd period - Stopped by Linus Ullmark with a rebound.
9:36 of 3rd period - Shot by Zach Parise.
9:36 of 3rd period - Shot Blocked by Derick Brassard.
9:38 of 3rd period - Shot by Zach Parise.
9:38 of 3rd period - Shot Misses the Net.
9:47 of 3rd period - Icing by Matt Roy.
9:48 of 3rd period - Evgeni Malkin wins face-off versus Derick Brassard in Stars zone.
9:53 of 3rd period - Icing by Scott Mayfield.
9:54 of 3rd period - Evgeni Malkin wins face-off versus Derick Brassard in Stars zone.
10:07 of 3rd period - Shot by Josh Leivo.
10:07 of 3rd period - Stopped by Devan Dubnyk without a rebound.
10:08 of 3rd period - Sidney Crosby wins face-off versus John Tavares in Flames zone.
10:21 of 3rd period - Shot by Jon Marchessault.
10:21 of 3rd period - Shot Misses the Net.
10:23 of 3rd period - Shot by John Klingberg.
10:23 of 3rd period - Stopped by Devan Dubnyk with a rebound.
10:25 of 3rd period - Shot by Jon Marchessault.
10:25 of 3rd period - Stopped by Devan Dubnyk with a rebound.
10:40 of 3rd period - Shot by Jon Marchessault.
10:40 of 3rd period - Deflect By Sidney Crosby.
10:40 of 3rd period - Stopped by Devan Dubnyk with a rebound.
10:42 of 3rd period - Shot by Duncan Keith.
10:42 of 3rd period - Stopped by Devan Dubnyk with a rebound.
10:44 of 3rd period - Shot by Duncan Keith.
10:44 of 3rd period - Shot Blocked by Zach Parise.
11:20 of 3rd period - Shot by Nazem Kadri.
11:20 of 3rd period - Stopped by Devan Dubnyk with a rebound.
11:30 of 3rd period - Shot by Evgenii Dadonov.
11:30 of 3rd period - Stopped by Devan Dubnyk with a rebound.
11:32 of 3rd period - Shot by Evgenii Dadonov.
11:32 of 3rd period - Shot Blocked by Blake Wheeler.
11:34 of 3rd period - Shot by Evgenii Dadonov.
11:34 of 3rd period - Shot Blocked by Brenden Dillon.
11:48 of 3rd period - Shot by Josh Leivo.
11:48 of 3rd period - Shot Blocked by Brenden Dillon.
11:54 of 3rd period - Shot by James Neal.
11:54 of 3rd period - Shot Misses the Net.
11:56 of 3rd period - Shot by Josh Leivo.
11:56 of 3rd period - Deflect By James Neal.
11:56 of 3rd period - Shot Misses the Net.
11:58 of 3rd period - Shot by Derick Brassard.
11:58 of 3rd period - Deflect By James Neal.
11:58 of 3rd period - Stopped by Devan Dubnyk without a rebound.
11:59 of 3rd period - Teddy Blueger wins face-off versus Sean Kuraly in Flames zone.
12:10 of 3rd period - Shot by Charlie Coyle.
12:10 of 3rd period - Stopped by Linus Ullmark without a rebound.
12:11 of 3rd period - Sidney Crosby wins face-off versus Evgeni Malkin in Stars zone.
12:26 of 3rd period - Shot by Jon Marchessault.
12:26 of 3rd period - Stopped by Devan Dubnyk without a rebound.
12:27 of 3rd period - Nazem Kadri wins face-off versus Sean Kuraly in Flames zone.
15:06 of 3rd period - Icing by Brayden McNabb.
15:07 of 3rd period - Nazem Kadri wins face-off versus Sean Kuraly in Flames zone.
15:11 of 3rd period - Icing by Esa Lindell.
15:12 of 3rd period - Sean Kuraly wins face-off versus Nazem Kadri in Flames zone.
15:16 of 3rd period - Icing by Brady Tkachuk.
15:17 of 3rd period - Sean Kuraly wins face-off versus Sidney Crosby in Flames zone.
15:35 of 3rd period - Brady Tkachuk is hit by Sami Vatanen and loses puck.
15:46 of 3rd period - Shot by Brady Tkachuk.
15:46 of 3rd period - Stopped by Linus Ullmark without a rebound.
15:47 of 3rd period - John Tavares wins face-off versus Evgenii Dadonov in Stars zone.
15:50 of 3rd period - Shot by Blake Wheeler.
15:50 of 3rd period - Stopped by Linus Ullmark with a rebound.
16:00 of 3rd period - Shot by Scott Mayfield.
16:00 of 3rd period - Stopped by Devan Dubnyk without a rebound.
16:01 of 3rd period - John Tavares wins face-off versus Derick Brassard in Flames zone.
16:53 of 3rd period - Shot by Jon Marchessault.
16:53 of 3rd period - Shot Blocked by Jared Spurgeon.
17:37 of 3rd period - Shot by Joey Anderson.
17:37 of 3rd period - Stopped by Linus Ullmark without a rebound.
17:38 of 3rd period - Teddy Blueger wins face-off versus Sean Kuraly in Stars zone.
17:59 of 3rd period - Shot by Charlie Coyle.
17:59 of 3rd period - Stopped by Linus Ullmark with a rebound.
18:01 of 3rd period - Shot by Sean Kuraly.
18:01 of 3rd period - Stopped by Linus Ullmark without a rebound.
18:02 of 3rd period - Evgeni Malkin wins face-off versus Nazem Kadri in Stars zone.
19:10 of 3rd period - Jon Marchessault is hit by Esa Lindell.
19:16 of 3rd period - Shot by Sidney Crosby.
19:16 of 3rd period - Shot Misses the Net.
19:22 of 3rd period - Shot by Sidney Crosby.
19:22 of 3rd period - Shot Blocked by Esa Lindell.
Goals for this period are 0 for Flames vs 1 for Stars.
Shots for this period are 10 for Flames vs 16 for Stars.

Overtime #1


0:01 of 1st overtime period - Evgeni Malkin wins face-off versus Nazem Kadri in neutral zone.
0:12 of 1st overtime period - Shot by Sidney Crosby.
0:12 of 1st overtime period - Shot Blocked by Blake Wheeler.
0:32 of 1st overtime period - Shot by Blake Wheeler.
0:32 of 1st overtime period - Stopped by Linus Ullmark without a rebound.
0:33 of 1st overtime period - Derick Brassard wins face-off versus John Tavares in Stars zone.
1:11 of 1st overtime period - Shot by John Tavares.
1:11 of 1st overtime period - Shot Misses the Net.
1:33 of 1st overtime period - Shot by Blake Wheeler.
1:33 of 1st overtime period - Stopped by Linus Ullmark without a rebound.
1:34 of 1st overtime period - Evgeni Malkin wins face-off versus Nazem Kadri in Stars zone.
1:43 of 1st overtime period - Shot by Blake Wheeler.
1:43 of 1st overtime period - Shot Blocked by Nazem Kadri.
1:45 of 1st overtime period - Shot by Jared Spurgeon.
1:45 of 1st overtime period - Shot Misses the Net.
1:47 of 1st overtime period - Shot by Jared Spurgeon.
1:47 of 1st overtime period - Stopped by Linus Ullmark without a rebound.
1:48 of 1st overtime period - Evgeni Malkin wins face-off versus Nazem Kadri in Stars zone.
2:03 of 1st overtime period - Shot by Blake Wheeler.
2:03 of 1st overtime period - Shot Misses the Net.
2:39 of 1st overtime period - Shot by Dmitry Orlov.
2:39 of 1st overtime period - Stopped by Linus Ullmark without a rebound.
2:40 of 1st overtime period - John Tavares wins face-off versus Derick Brassard in Stars zone.
3:31 of 1st overtime period - Shot by Blake Wheeler.
3:31 of 1st overtime period - Deflect By Evgeni Malkin.
3:31 of 1st overtime period - Shot Blocked by Duncan Keith.
3:33 of 1st overtime period - Shot by Jared Spurgeon.
3:33 of 1st overtime period - Stopped by Linus Ullmark without a rebound.
3:34 of 1st overtime period - Evgeni Malkin wins face-off versus Nazem Kadri in Stars zone.
3:35 of 1st overtime period - Shot by Blake Wheeler.
3:35 of 1st overtime period - Stopped by Linus Ullmark without a rebound.
3:36 of 1st overtime period - Evgeni Malkin wins face-off versus Nazem Kadri in Stars zone.
3:49 of 1st overtime period - Shot by Blake Wheeler.
3:49 of 1st overtime period - Stopped by Linus Ullmark with a rebound.
3:51 of 1st overtime period - Shot by Blake Wheeler.
3:51 of 1st overtime period - Deflect By Evgeni Malkin.
3:51 of 1st overtime period - Stopped by Linus Ullmark without a rebound.
3:52 of 1st overtime period - Nazem Kadri wins face-off versus Evgeni Malkin in Stars zone.
4:08 of 1st overtime period - Shot by Sidney Crosby.
4:08 of 1st overtime period - Goal by Sidney Crosby - Flames : 2 - Stars : 3.
Goals for this period are 0 for Flames vs 1 for Stars.
Shots for this period are 8 for Flames vs 1 for Stars.